 Dungeon Crawl Stone Soup version 0.31-a0-358-gac0dbeb3ab (webtiles) character file.

Game seed: 6139430095599826456

3201 bjtr the Magician (level 9, -3/67 HPs)
             Began as a Gnoll Earth Elementalist on July 25, 2023.
             Was an Initiate of Vehumet.
             Slain by Maggie
             ... wielding a +0 glaive
              (16 damage)
             ... on level 7 of the Dungeon on July 26, 2023.
             The game lasted 00:30:43 (7050 turns).

bjtr the Magician (Gnoll Earth Elementalist)        Turns: 7050, Time: 00:30:44

Health: -3/67      AC:  6    Str: 16    XL:     9   Next: 96%
Magic:  19/19      EV: 15    Int: 16    God:    Vehumet [......]
Gold:   334        SH:  0    Dex: 17    Spells: 6/22 levels left

rFire   . . .        a - +2 hand axe "Gixzyc" {venom, rElec rPois Str+4 Int-2}
rCold   + . .        (no shield)
rNeg    . . .        G - +3 leather armour {rC+}
rPois   +            (no helmet)
rElec   +            k - scarf {shadows}
rCorr   .            (no gloves)
SInv    .            (no boots)
Will    .....        (no amulet)
Stlth   +++          f - +6 ring of dexterity
HPRegen 0.31/turn    (no ring)
MPRegen 0.16/turn

%: no passive effects
@: mesmerised
A: fangs 1, strong nose, distributed training, strong 1
a: Renounce Religion


You were on level 7 of the Dungeon.
You worshipped Vehumet.
Vehumet was noncommittal.
You visited 2 branches of the dungeon, and saw 8 of its levels.

You collected 334 gold pieces.

Inventory:

Hand Weapons
 a - the +2 hand axe "Gixzyc" (weapon) {venom, rElec rPois Str+4 Int-2}
   (You found it on level 2 of the Dungeon)

   Str:       It affects your strength (+4).
   Int:       It affects your intelligence (-2).
   rElec:     It insulates you from electricity.
   rPois:     It protects you from poison.
 d - a +0 mace
 h - a +0 orcbow
 m - a +1 rapier
 o - a +0 dagger of speed
 p - a +0 scimitar of freezing
 s - a +0 sling
 t - a +0 spear
 w - a +3 flail of venom
 z - a +4 quarterstaff of chaos
 C - a +2 short sword of protection
 D - a +0 hand axe of electrocution
 H - a +3 flail of freezing
Missiles
 e - 8 poisoned darts
 y - 2 throwing nets
 B - 2 javelins
Armour
 j - the +0 leather armour of Nyloc {Str+3}
   (You found it on level 5 of the Dungeon)

   Str:       It affects your strength (+3).
 k - a scarf of shadows (worn)
 A - a +0 cloak
 G - a +3 leather armour of cold resistance (worn)
Jewellery
 f - a +6 ring of dexterity (left hand)
Wands
 F - a wand of polymorph (19)
Scrolls
 g - 2 scrolls of teleportation
 n - 2 scrolls of enchant weapon
 x - 3 scrolls of immolation
Potions
 c - a potion of enlightenment {unknown}
 i - 2 potions of might
 l - 3 potions of lignification
 q - 2 potions of curing
 r - a potion of brilliance
 u - a potion of mutation
 v - a potion of heal wounds {unknown}
 E - a potion of haste {unknown}


   Skills:
 + Level 4.8 Fighting
 + Level 4.8 Short Blades
 + Level 4.8 Long Blades
 + Level 4.8 Axes
 + Level 4.8 Maces & Flails
 + Level 4.8 Polearms
 + Level 4.8 Staves
 + Level 4.8 Ranged Weapons
 + Level 4.8 Throwing
 + Level 4.8 Armour
 + Level 6.7 Dodging
 + Level 6.4 Stealth
 + Level 4.8 Shields
 + Level 4.8 Unarmed Combat
 + Level 7.0 Spellcasting
 + Level 4.0 Conjurations
 + Level 4.0 Hexes
 + Level 4.0 Summonings
 + Level 4.0 Necromancy
 + Level 4.0 Translocations
 + Level 4.5 Transmutations
 + Level 4.0 Fire Magic
 + Level 4.0 Ice Magic
 + Level 4.0 Air Magic
 + Level 6.8 Earth Magic
 + Level 4.0 Poison Magic
 + Level 5.3 Invocations
 + Level 4.8 Evocations
 + Level 4.0 Shapeshifting


You had 6 spell levels left.
You knew the following spells:

 Your Spells              Type           Power      Damage    Failure   Level
a - Sandblast             Erth           54%        2d13      1%          1
b - Passwall              Tmut/Erth      20%        N/A       1%          2
c - Stone Arrow           Conj/Erth      46%        3d9       4%          3
d - Petrify               Tmut/Erth      24%        N/A       14%         4
e - Summon Guardian Gole  Hex/Summ       18%        N/A       9%          3
f - Hailstorm             Conj/Ice       18%        3d6       9%          3

Your spell library contained the following spells:

 Spells                   Type           Power      Damage    Failure   Level
 Freeze                   Ice            72%        1d8       2%          1
 Summon Small Mammal      Summ           72%        N/A       2%          1
 Call Canine Familiar     Summ           18%        N/A       9%          3
 Frozen Ramparts          Ice            36%        1d6       9%          3


Dungeon Overview and Level Annotations

Branches:
Dungeon (7/15)             Temple (1/1) D:6

Altars:
Ashenzari
Cheibriados
Dithmenos
Elyvilon
Fedhas
Gozag
Hepliaklqana
Makhleb
Nemelex Xobeh
Okawaru
Qazlal
Ru
Sif Muna
Trog
Uskayaw
Vehumet
Wu Jian
Xom
Zin
The Shining One

Shops:
D:6 *

Annotations:
D:7 Maggie


Innate Abilities, Weirdness & Mutations

You have very sharp teeth.
Your uncanny sense of smell can sniff out nearby items.
Your experience applies equally to all skills.
Your muscles are strong. (Str +4, Int/Dex -1)


Message History

Aiming: Stone Arrow (dangerous; 4% risk of failure)
Press: ? - help, Shift-Dir - straight line, f - Maggie
Aim: Maggie, wielding a +0 glaive, wearing +0 acid dragon scales and carrying a wand of mindburst (mesmerising, 71% to hit)
The stone arrow hits Maggie!
Maggie is lightly wounded.
Maggie hits you from afar with a +0 glaive!
* * * LOW HITPOINT WARNING * * *
You feel better. Maggie barely misses you.
It was a potion of mutation.
You feel extremely strange.
You feel stronger.
Maggie mumbles some strange words.
Maggie draws you further into her thrall.
Unknown command.
Casting: Stone Arrow (dangerous; 4% risk of failure)
Confirm with . or Enter, or press ? or * to list all spells.
Aiming: Stone Arrow (dangerous; 4% risk of failure)
Press: ? - help, Shift-Dir - straight line, f/p - Maggie
Aim: Maggie, wielding a +0 glaive, wearing +0 acid dragon scales and carrying a wand of mindburst (lightly wounded, mesmerising, 71% to hit)
The stone arrow hits Maggie!
Maggie is heavily wounded.
Maggie zaps a wand.
You struggle to resist.
Casting: Stone Arrow (dangerous; 4% risk of failure)
Confirm with . or Enter, or press ? or * to list all spells.
Aiming: Stone Arrow (dangerous; 4% risk of failure)
Press: ? - help, Shift-Dir - straight line, f/p - Maggie
Aim: Maggie, wielding a +0 glaive, wearing +0 acid dragon scales and carrying a wand of mindburst (heavily wounded, mesmerising, 71% to hit)
The stone arrow hits Maggie!
Maggie is heavily wounded.
Maggie misses you.
Casting: Stone Arrow (dangerous; 4% risk of failure)
Confirm with . or Enter, or press ? or * to list all spells.
Aiming: Stone Arrow (dangerous; 4% risk of failure)
Press: ? - help, Shift-Dir - straight line, f/p - Maggie
Aim: Maggie, wielding a +0 glaive, wearing +0 acid dragon scales and carrying a wand of mindburst (heavily wounded, mesmerising, 71% to hit)
The stone arrow hits Maggie.
Maggie is severely wounded.
Maggie completely misses you. Magic courses through your body.
Maggie hits you from afar with a +0 glaive!
You die...

#...... #.....c
.##.....# .'......#
#......# #.....#
#.@## ##.)## ##)@###
##...# #.# ###.## #.#
#########..### #.#
#........#...## #.#
#........###..# #.#
###........# ##.###.#
#.'........# #.##..#
#.#........####.##.##


You could see Maggie (mesmerising).

Vanquished Creatures
  A two-headed ogre (D:4)
  Eustachio (D:4)
  A steam dragon (D:7)
  2 vampire mosquitoes (D:5)
  Menkaure (D:6)
  Edmund (D:6)
  A water moccasin (D:6)
  An orc warrior (D:4)
  4 ogres
  A centaur (D:7)
  Blork the orc (D:4)
  A bullfrog (D:4)
  3 scorpions (D:6)
  3 wights (D:7)
  A howler monkey (D:5)
  4 hounds (D:5)
  An orc priest (D:6)
  A jelly (D:4)
  Crazy Yiuf (D:6)
  2 sleepcaps
  Natasha (thrice) (D:4)
  2 iguanas
  2 orc wizards
  6 gnolls (D:5)
  7 adders
  A white imp (D:5)
  4 ufetubi
  A worm (D:3)
  5 dart slugs
  22 orcs
  11 endoplasms
  2 giant cockroaches (D:4)
  5 hobgoblins
  3 jackals
  3 quokkas
  11 ball pythons
  6 bats
  A frilled lizard (D:1)
  10 goblins
  4 kobolds
  7 rats
148 creatures vanquished.

Vanquished Creatures (others)
  A vampire mosquito (D:5)
1 creature vanquished.

Grand Total: 149 creatures vanquished

Notes
Turn   | Place    | Note
-------+----------+-------------------------------------------
     0 | D:1      | bjtr the Gnoll Earth Elementalist began the quest for the
                  | Orb.
     0 | D:1      | Reached XP level 1. HP: 13/13 MP: 6/6
   353 | D:1      | Reached XP level 2. HP: 19/19 MP: 5/7
   995 | D:2      | Reached skill level 5 in Spellcasting
   995 | D:2      | Reached XP level 3. HP: 25/25 MP: 6/9
  1036 | D:2      | Reached skill level 1 in Invocations
  1194 | D:2      | Reached skill level 1 in Fighting
  1194 | D:2      | Reached skill level 1 in Short Blades
  1194 | D:2      | Reached skill level 1 in Long Blades
  1194 | D:2      | Reached skill level 1 in Axes
  1194 | D:2      | Reached skill level 1 in Maces & Flails
  1194 | D:2      | Reached skill level 1 in Polearms
  1194 | D:2      | Reached skill level 1 in Staves
  1194 | D:2      | Reached skill level 1 in Ranged Weapons
  1194 | D:2      | Reached skill level 1 in Throwing
  1194 | D:2      | Reached skill level 1 in Armour
  1194 | D:2      | Reached skill level 1 in Shields
  1194 | D:2      | Reached skill level 1 in Unarmed Combat
  1194 | D:2      | Reached skill level 1 in Evocations
  1365 | D:2      | Reached XP level 4. HP: 32/32 MP: 7/11
  1366 | D:2      | Identified the +2 hand axe "Gixzyc" {venom, rElec rPois
                  | Str+4 Int-2}
  1598 | D:2      | Learned a level 2 spell: Passwall
  1602 | D:2      | Learned a level 3 spell: Stone Arrow
  1607 | D:2      | Learned a level 4 spell: Petrify
  2315 | D:4      | Noticed Natasha
  2320 | D:4      | Killed Natasha
  2321 | D:4      | Reached skill level 1 in Conjurations
  2321 | D:4      | Reached skill level 1 in Hexes
  2321 | D:4      | Reached skill level 1 in Summonings
  2321 | D:4      | Reached skill level 1 in Necromancy
  2321 | D:4      | Reached skill level 1 in Translocations
  2321 | D:4      | Reached skill level 1 in Fire Magic
  2321 | D:4      | Reached skill level 1 in Ice Magic
  2321 | D:4      | Reached skill level 1 in Air Magic
  2321 | D:4      | Reached skill level 1 in Poison Magic
  2321 | D:4      | Reached skill level 1 in Shapeshifting
  2358 | D:4      | Noticed Eustachio
  2416 | D:4      | Reached XP level 5. HP: 37/37 MP: 10/12
  2636 | D:4      | Noticed Blork the orc
  2649 | D:4      | Killed Blork the orc
  2650 | D:4      | Reached XP level 6. HP: 22/44 MP: 7/13
  2921 | D:4      | Noticed Natasha
  2925 | D:4      | Reached skill level 5 in Dodging
  2929 | D:4      | Killed Natasha
  3251 | D:4      | Killed Eustachio
  3252 | D:4      | Reached XP level 7. HP: 33/51 MP: 2/15
  3347 | D:4      | Noticed a two-headed ogre
  3492 | D:4      | Noticed Natasha
  3503 | D:4      | Killed Natasha
  3541 | D:4      | Reached skill level 5 in Stealth
  4291 | D:4      | Killed a two-headed ogre
  4292 | D:4      | Reached skill level 6 in Spellcasting
  4292 | D:4      | Reached XP level 8. HP: 58/58 MP: 1/17
  4409 | D:5      | Entered Level 5 of the Dungeon
  4499 | D:5      | Identified the +0 leather armour of Nyloc {Str+3}
  4707 | D:5      | Reached XP level 9. HP: 65/65 MP: 16/18
  4821 | D:5      | Learned a level 3 spell: Summon Guardian Golem
  5871 | D:6      | Found Pizif's Gadget Gallery.
  6014 | D:6      | Found a staircase to the Ecumenical Temple.
  6022 | Temple   | Entered the Ecumenical Temple
  6028 | Temple   | Became a worshipper of Vehumet
  6059 | D:6      | Found a sparkling altar of Nemelex Xobeh.
  6062 | D:6      | Found a shimmering blue altar of Sif Muna.
  6069 | D:6      | Noticed Edmund
  6079 | D:6      | Killed Edmund
  6156 | D:6      | Found a runed translucent door.
  6157 | D:6      | Noticed Crazy Yiuf
  6163 | D:6      | Killed Crazy Yiuf
  6348 | D:6      | Reached skill level 5 in Invocations
  6390 | D:6      | Noticed Menkaure
  6404 | D:6      | Killed Menkaure
  6963 | D:7      | Learned a level 3 spell: Hailstorm
  6998 | D:7      | Upgraded the game from 0.31-a0-355-g57cb03d3e8 to
                  | 0.31-a0-358-gac0dbeb3ab
  7003 | D:7      | Reached skill level 7 in Spellcasting
  7039 | D:7      | Noticed Maggie
  7046 | D:7      | Gained mutation: Your muscles are strong. (Str +4, Int/Dex
                  | -1) [potion of mutation]
  7050 | D:7      | Slain by Maggie

Illustrated notes

Levels and vault maps discovered:
D:1:      saegor_arrival_simple_a, layout_basic
D:2:      layout_rooms, minmay_misc_feat_diagonals
D:3:      layout_rooms, minmay_misc_feat_nine_boxes
D:4:      layout_loops_corners, chequers_serial_rivers_small_3,
          minmay_divided_ellipse, uniq_natasha, uniq_blork_the_orc,
          uniq_eustachio
D:5:      layout_loops_corners
D:6:      layout_rooms, chequers_temple_overflow_statue_of_worship,
          minmay_temple_entry_arrows, nicolae_shop_gadgets, uniq_edmund,
          uniq_crazy_yiuf_cottage, uniq_menkaure
D:7:      layout_basic, uniq_maggie
Temple:   dpeg_three_leaves_temple

Skill      XL: |  1  2  3  4  5  6  7  8  9 |
---------------+----------------------------+-----
Transmutations | 2 3 4 |  4.5
Spellcasting   | 5 6 7 |  7.0
Invocations    | 1 2 3 4 5 |  5.3
Fighting       | 1 2 3 4 |  4.8
Short Blades   | 1 2 3 4 |  4.8
Long Blades    | 1 2 3 4 |  4.8
Axes           | 1 2 3 4 |  4.8
Maces & Flails | 1 2 3 4 |  4.8
Polearms       | 1 2 3 4 |  4.8
Staves         | 1 2 3 4 |  4.8
Ranged Weapons | 1 2 3 4 |  4.8
Throwing       | 1 2 3 4 |  4.8
Armour         | 1 2 3 4 |  4.8
Shields        | 1 2 3 4 |  4.8
Unarmed Combat | 1 2 3 4 |  4.8
Evocations     | 1 2 3 4 |  4.8
Conjurations   | 1 2 3 4 |  4.0
Hexes          | 1 2 3 4 |  4.0
Summonings     | 1 2 3 4 |  4.0
Necromancy     | 1 2 3 4 |  4.0
Translocations | 1 2 3 4 |  4.0
Fire Magic     | 1 2 3 4 |  4.0
Ice Magic      | 1 2 3 4 |  4.0
Air Magic      | 1 2 3 4 |  4.0
Poison Magic   | 1 2 3 4 |  4.0
Shapeshifting  | 1 2 3 4 |  4.0
Dodging        | 5 6 |  6.7
Stealth        | 5 6 |  6.4
Earth Magic    | 6 |  6.8

Action                     |  1- 3 |  4- 6 |  7- 9 || total
---------------------------+-------+-------+-------++-------
  Melee: Short sword       |     5 |       |       ||     5
         Bite              |     1 |     6 |    24 ||    31
         Long sword        |    17 |       |       ||    17
         Rapier            |     1 |       |       ||     1
         Hand axe          |       |    64 |   136 ||   200
         Punch             |       |     1 |     5 ||     6
   Cast: Sandblast         |    43 |    45 |    73 ||   161
         Stone Arrow       |       |     2 |    24 ||    26
         Passwall          |       |       |     1 ||     1
         Summon Guardian G |       |       |     2 ||     2
    Use: Scroll            |       |     7 |     9 ||    16
         Potion            |       |       |     4 ||     4
   Stab: Sleeping          |     1 |     2 |     3 ||     6
         Distracted        |       |       |     1 ||     1
 Armour: Robe              |     1 |       |       ||     1
         Leather armour    |       |    37 |    50 ||    87
  Dodge: Dodged            |    28 |   107 |   194 ||   329

Table legend: (Time is in decaauts)
 A = Elapsed time spent in this place.
 B = Non-inter-level travel time spent in this place.
 C = Inter-level travel time spent in this place.
 D = Time resting spent in this place.
 E = Time spent auto-exploring this place.
 F = Levels seen in this place.
 G = Mean time per level.
                   A        B        C        D        E       F      G
               +--------+--------+--------+--------+--------+-----+--------+
         Total |   7168 |   6910 |    258 |    903 |   4441 |   8 |  896.0 |
       Dungeon |   7155 |   6902 |    253 |    903 |   4441 |   7 | 1022.1 |
        Temple |     12 |      7 |      5 |      0 |      0 |   1 |   12.0 |
               +--------+--------+--------+--------+--------+-----+--------+

Top non-repeatable levels by time:
     D:4: 2106 daAuts
     D:5: 1319 daAuts
     D:6: 1040 daAuts
     D:1: 930 daAuts
     D:2: 817 daAuts
     D:3: 630 daAuts
     D:7: 311 daAuts
  Temple: 12 daAuts
